 Dungeon Crawl Stone Soup version 0.30.0 (webtiles) character file.

Game seed: 17309519358425362679

23120 gggh the Unseen (level 12, 0/51 HPs)
             Began as a Spriggan Enchanter on Nov 7, 2023.
             Was a High Priest of Sif Muna.
             Slain by a komodo dragon (24 damage)
             ... on level 1 of the Lair of Beasts on Nov 9, 2023.
             The game lasted 02:11:13 (20066 turns).

gggh the Unseen (Spriggan Enchanter)               Turns: 20066, Time: 02:11:14

Health: 0/51       AC: 10    Str:  4    XL:     12   Next: 69%
Magic:  28/28      EV: 27    Int: 19    God:    Sif Muna [*****.]
Gold:   1171       SH:  0    Dex: 18    Spells: 29/34 levels left

rFire   . . .        o - +5 dagger "Tuhinu" {speed, rCorr SInv}
rCold   . . .        (no shield)
rNeg    + . .        J - +1 robe {Will+}
rPois   .            (helmet restricted)
rElec   .            F - +2 cloak
rCorr   +            (gloves unavailable)
SInv    +            (boots unavailable)
Will    +++..        (no amulet)
Stlth   ++++++       l - +4 ring of protection
HPRegen 0.28/turn    N - ring of positive energy
MPRegen 0.21/turn

%: no passive effects
@: very quick
A: very small, no large weapons, unfitting armour, see invisible, speed 3
a: Renounce Religion, Channel Magic, Forget Spell, Divine Exegesis


You were on level 1 of the Lair of Beasts.
You worshipped Sif Muna.
Sif Muna was extremely pleased with you.
You visited 3 branches of the dungeon, and saw 13 of its levels.

You collected 1367 gold pieces.
You spent 196 gold pieces at shops.

Inventory:

Hand Weapons
 a - a +1 dagger
 e - a +0 club
 f - a +0 club
 g - a +0 rapier
 h - a +0 dagger
 i - a +0 mace
 k - a +0 dagger
 o - the +5 dagger "Tuhinu" (weapon) {speed, rCorr SInv}
   (You found it on level 3 of the Dungeon)

   SInv:      It lets you see invisible.
   rCorr:     It protects you from acid and corrosion.
 I - a +4 dagger of freezing
Missiles
 n - 6 silver boomerangs (quivered)
Armour
 b - a +1 robe
 d - a +0 helmet
 r - a +0 pair of boots
 C - a +1 helmet of intelligence
 F - a +2 cloak (worn)
 G - an orb of mayhem
 J - a +1 robe of willpower (worn)
 M - a scarf of shadows
 V - a +2 robe of cold resistance
Jewellery
 l - a +4 ring of protection (left hand)
 N - a ring of positive energy (right hand)
Wands
 j - a wand of charming (7)
 u - a wand of light (14)
 R - a wand of mindburst (7)
 T - a wand of flame (8)
 U - a wand of polymorph (4)
 X - a wand of roots (8)
Scrolls
 t - 2 scrolls of enchant armour
 v - 2 scrolls of magic mapping
 w - 2 scrolls of blinking
 x - 2 scrolls of teleportation
 y - a scroll of fog
 D - a scroll of brand weapon
 E - 7 scrolls of enchant weapon
 K - a scroll of vulnerability {unknown}
 L - 2 scrolls of summoning
 O - 2 scrolls of poison {unknown}
 W - a scroll of identify
Potions
 c - 2 potions of invisibility
 m - 2 potions of magic
 p - 3 potions of degeneration
 q - 7 potions of curing
 s - 7 potions of heal wounds
 z - 3 potions of flight
 A - 2 potions of haste
 B - a potion of might
 H - 2 potions of lignification
 P - a potion of cancellation
 Q - a potion of mutation
Miscellaneous
 S - a piece from Xom's chessboard (15/15)


   Skills:
 + Level 10.7 Short Blades
 + Level 12.8 Dodging
 + Level 15.5 Stealth
 + Level 11.9 Spellcasting
 + Level 12.1 Hexes


You had 29 spell levels left.
You knew the following spells:

 Your Spells              Type           Power      Damage    Failure   Level
a - Ensorcelled Hibernat  Hex/Ice        68%        N/A       1%          2
b - Tukima's Dance        Hex            55%        N/A       1%          3

Your spell library contained the following spells:

 Spells                   Type           Power      Damage    Failure   Level
 Confusing Touch          Hex            55%        N/A       1%          3
 Dazzling Flash           Conj/Hex       68%        N/A       1%          3
 Beastly Appendage        Tmut           22%        N/A       6%          1
 Freeze                   Ice            44%        1d6       6%          1
 Sting                    Tmut/Pois      44%        1d5       6%          1
 Poisonous Vapours        Pois/Air       22%        N/A       10%         2
 Wereblood                Tmut           11%        N/A       10%         2
 Yara's Violent Unravell  Hex/Tmut       17%        3d8       14%         5
 Frozen Ramparts          Ice            22%        1d4       19%         3
 Hailstorm                Conj/Ice       11%        3d5       19%         3
 Ignite Poison            Fire/Tmut/Pois 11%        N/A       19%         3
 Spider Form              Tmut/Pois      11%        N/A       19%         3
 Stone Arrow              Conj/Erth      22%        3d8       19%         3
 Vhi's Electric Charge    Tloc/Air       22%        N/A       19%         3
 Animate Armour           Summ/Erth      22%        N/A       52%         4
 Ice Form                 Ice/Tmut       11%        N/A       52%         4
 Olgreb's Toxic Radiance  Pois           11%        N/A       52%         4
 Passage of Golubria      Tloc           11%        N/A       52%         4
 Conjure Ball Lightning   Conj/Air       5%         3x3d6     100%        6
 Lehudib's Crystal Spear  Conj/Erth      5%         10d3      100%        8


Dungeon Overview and Level Annotations

Branches:
Dungeon (10/15)            Temple (0/1) D:4            Lair (1/5) D:10
    Orc (2/2) D:10            Elf (0/3) Orc:2

Altars:
Ashenzari
Cheibriados
Kikubaaqudgha
Makhleb
Nemelex Xobeh
Qazlal
Sif Muna
Uskayaw
Wu Jian
Xom
Zin

Shops:
D:5 (   D:8 :   Orc:2 ?([*


Innate Abilities, Weirdness & Mutations

You are very small and have problems with some larger weapons.
You are too small for most types of armour.
You have supernaturally acute eyesight. (SInv)
You cover ground extremely quickly. (Speed+++)


Message History

The komodo dragon is moderately wounded.
You hit the komodo dragon.
The komodo dragon is moderately wounded.
You hit the komodo dragon.
The komodo dragon is moderately wounded.
The komodo dragon bites you!
You hit the komodo dragon but do no damage.
The komodo dragon is moderately wounded.
You hit the komodo dragon but do no damage.
The komodo dragon is moderately wounded.
You hit the komodo dragon.
The komodo dragon is heavily wounded.
The komodo dragon completely misses you.
You hit the komodo dragon.
You punch the komodo dragon, but do no damage.
The komodo dragon is heavily wounded.
You hit the komodo dragon but do no damage.
The komodo dragon is heavily wounded.
You hit the komodo dragon but do no damage.
The komodo dragon is heavily wounded.
The komodo dragon bites you!
You hit the komodo dragon but do no damage.
The komodo dragon is heavily wounded.
You hit the komodo dragon.
The komodo dragon is heavily wounded.
A bullfrog comes into view.
Casting: Ensorcelled Hibernation (safe; 1% risk of failure)
Confirm with . or Enter, or press ? or * to list all spells.
Aiming: Ensorcelled Hibernation (safe; 1% risk of failure)
Press: ? - help, Shift-Dir - straight line, f - you, p - komodo dragon
Okay, then.
You hit the plant.
The plant begins to die.
The plant is lightly damaged.
A nearby plant withers and dies.
You hit the komodo dragon.
The komodo dragon is heavily wounded.
You hit the komodo dragon.
The komodo dragon is heavily wounded.
The komodo dragon bites you!!
You die...

♣.. F...................
.♣.# ..####..###.#.#.....
.... #. ##.# #####.....
...# #. #l# #..... ...#
#. #.# #..... P.## ##.
#.## #..... ..P# #..
####..# ####..... ..###.
P#####.##.##.####P##.....
♣.....
...^....@l...............
..#
##.##P....###............
### #.# ###..##
#............ # #.# #P..#
#............ #.. ##.##
#............ #.# #.#
#............ #######..
##.## #............
........######..P#
#..###.......
##P####..#.##...####..##
##......


You could see a komodo dragon.

Vanquished Creatures
  An orc warlord (Orc:1)
  A hydra (D:10)
  An ogre mage (Orc:2)
  Erolcha (Orc:2)
  A boulder beetle (Lair:1)
  5 two-headed ogres
  A centaur warrior (D:8)
  Amaemon (D:10)
  An orc knight (Orc:1)
  2 orc sorcerers
  Joseph (D:10)
  A cane toad (Lair:1)
  An orange demon (D:10)
  Maggie (D:10)
  2 hornets
  4 wyverns
  14 yaks
  2 basilisks (D:10)
  Grum (D:10)
  3 steam dragons
  An acid dragon (D:8)
  3 wargs (Orc:2)
  5 water moccasins
  22 orc warriors
  An ice beast (D:7)
  A sky beast (D:6)
  A black bear (D:4)
  4 centaurs
  3 ogres (Orc:2)
  10 wolves
  2 phantoms
  3 kobold brigands
  7 bullfrogs
  3 scorpions
  19 wights
  5 howler monkeys
  A hound (D:7)
  2 jellies (D:7)
  13 orc priests
  6 iguanas
  Jessica (D:2)
  Terence (D:2)
  19 orc wizards
  2 gnolls (D:6)
  7 adders
  4 white imps
  3 ufetubi
  2 dart slugs
  2 worms
  59 orcs
  4 bats
  10 endoplasms
  3 giant cockroaches
  4 goblins
  13 hobgoblins
  7 jackals
  17 kobolds
  7 quokkas
  3 ball pythons
  4 frilled lizards
  4 rats
333 creatures vanquished.

Vanquished Creatures (collateral kills)
  An orc high priest (Orc:2)
  4 orc warriors
  9 wights
  2 orc priests
  An orc wizard (D:8)
  A gnoll (D:6)
  9 orcs
  A goblin (D:3)
  3 kobolds
31 creatures vanquished.

Vanquished Creatures (others)
  21 dancing weapons
  An orc priest (Orc:2)
  2 fungi
  20 plants
44 creatures vanquished.

Grand Total: 408 creatures vanquished

Notes
Turn   | Place    | Note
-------+----------+-------------------------------------------
     0 | D:1      | gggh the Spriggan Enchanter began the quest for the Orb.
     0 | D:1      | Reached XP level 1. HP: 9/9 MP: 5/5
   189 | D:1      | Reached XP level 2. HP: 13/13 MP: 6/6
   608 | D:1      | Reached XP level 3. HP: 15/16 MP: 8/8
   611 | D:1      | Learned a level 2 spell: Ensorcelled Hibernation
   674 | D:1      | Learned a level 3 spell: Tukima's Dance
  1104 | D:2      | Reached skill level 5 in Stealth
  1640 | D:2      | Reached XP level 4. HP: 19/21 MP: 5/9
  1709 | D:2      | Noticed Terence
  1748 | D:2      | Killed Terence
  1944 | D:2      | Noticed Jessica
  1950 | D:2      | Killed Jessica
  2653 | D:3      | Reached XP level 5. HP: 17/24 MP: 4/11
  2787 | D:3      | Found a faded altar of an unknown god.
  3254 | D:3      | Identified the +5 dagger "Tuhinu" {speed, rCorr SInv}
  3406 | D:3      | Reached skill level 6 in Stealth
  3909 | D:4      | Noticed a phantom
  3927 | D:4      | Killed a phantom
  3928 | D:4      | Reached XP level 6. HP: 28/28 MP: 11/13
  4108 | D:4      | Reached skill level 5 in Hexes
  4403 | D:4      | Found a staircase to the Ecumenical Temple.
  4719 | D:5      | Entered Level 5 of the Dungeon
  4879 | D:5      | Reached skill level 5 in Dodging
  4916 | D:5      | Found a shimmering blue altar of Sif Muna.
  5059 | D:5      | Found Dyut's Antique Weapon Boutique.
  5143 | D:5      | Reached skill level 7 in Stealth
  5143 | D:5      | Reached XP level 7. HP: 32/32 MP: 13/15
  5168 | D:5      | Reached skill level 5 in Spellcasting
  5680 | D:5      | Became a worshipper of Sif Muna the Loreminder
  6080 | D:6      | Reached skill level 8 in Stealth
  6080 | D:6      | Reached XP level 8. HP: 36/36 MP: 0/17
  6808 | D:6      | Reached skill level 5 in Short Blades
  6954 | D:6      | Reached skill level 9 in Stealth
  7509 | D:6      | Reached * piety under Sif Muna
  8716 | D:7      | Reached XP level 9. HP: 36/39 MP: 10/20
  9011 | D:7      | Reached skill level 10 in Stealth
  9132 | D:7      | Found a flagged portal.
  9818 | D:8      | Noticed a two-headed ogre
  9825 | D:8      | Killed a two-headed ogre
 10000 | D:8      | Reached skill level 11 in Stealth
 10129 | D:8      | Found Hyvoafa's Tiny Tomes.
 10217 | D:8      | Noticed a centaur warrior
 10259 | D:8      | Reached XP level 10. HP: 44/44 MP: 12/23
 10533 | D:8      | Found a hide-covered altar of Uskayaw.
 10890 | D:8      | Found an ancient bone altar of Kikubaaqudgha.
 10892 | D:8      | Found an ornate altar of the Wu Jian Council.
 10894 | D:8      | Found a broken altar of Ashenzari.
 10895 | D:8      | Found a shimmering altar of Xom.
 10896 | D:8      | Found a sparkling altar of Nemelex Xobeh.
 10896 | D:8      | Found a glowing silver altar of Zin.
 10896 | D:8      | Found a snail-covered altar of Cheibriados.
 10897 | D:8      | Found a stormy altar of Qazlal.
 10982 | D:8      | Reached ** piety under Sif Muna
 11169 | D:8      | Killed a centaur warrior
 11790 | D:9      | Noticed a two-headed ogre
 11794 | D:9      | Killed a two-headed ogre
 11795 | D:9      | Reached skill level 12 in Stealth
 12038 | D:9      | Found a burning altar of Makhleb.
 12319 | D:9      | Reached skill level 10 in Dodging
 12595 | D:9      | Identified the +0 cloak of Omission {rC+ Dex+2}
 12796 | D:10     | Entered Level 10 of the Dungeon
 12948 | D:10     | Noticed Grum
 12964 | D:10     | Killed Grum
 13130 | D:10     | Found a staircase to the Orcish Mines.
 13174 | D:10     | Reached XP level 11. HP: 46/47 MP: 8/25
 13240 | D:10     | Reached *** piety under Sif Muna
 13471 | D:10     | Reached skill level 10 in Hexes
 13641 | D:10     | Found a staircase to the Lair.
 13678 | D:10     | Noticed a six-headed hydra
 13688 | D:10     | Killed a six-headed hydra
 13689 | D:10     | Reached skill level 13 in Stealth
 13803 | D:10     | Noticed Maggie
 13829 | D:10     | Killed Maggie
 13927 | D:10     | Reached skill level 10 in Spellcasting
 14060 | D:10     | Noticed Amaemon
 14068 | D:10     | Noticed Joseph
 14074 | D:10     | Killed Joseph
 14082 | D:10     | Killed Amaemon
 14714 | Orc:1    | Entered Level 1 of the Orcish Mines
 15230 | Orc:2    | Entered Level 2 of the Orcish Mines
 15406 | Orc:2    | Noticed Erolcha
 15408 | Orc:2    | Found a staircase to the Elven Halls.
 15450 | Orc:2    | Reached **** piety under Sif Muna
 15620 | Orc:2    | Killed Erolcha
 15664 | Orc:2    | Reached skill level 14 in Stealth
 15725 | Orc:2    | Noticed an orc warlord
 15820 | Orc:1    | HP: 2/47 [orc warlord/+2 great mace of protection (17)]
 16155 | Orc:1    | Killed an orc warlord
 16251 | Orc:2    | Noticed an orc knight
 16369 | Orc:1    | Killed an orc knight
 16502 | Orc:2    | Noticed an orc sorcerer
 16507 | Orc:2    | Noticed a soul eater
 16651 | Orc:1    | Killed an orc sorcerer
 16652 | Orc:1    | Reached XP level 12. HP: 51/51 MP: 13/27
 17066 | Orc:2    | Noticed a two-headed ogre
 17067 | Orc:2    | Noticed an ogre mage
 17077 | Orc:2    | Noticed a two-headed ogre
 17080 | Orc:2    | Noticed a two-headed ogre
 17114 | Orc:2    | Killed a two-headed ogre
 17216 | Orc:2    | Found Leogaxyr's Antique Weapon Shoppe.
 17218 | Orc:2    | Found Diuguc Cutz's Antique Armour Emporium.
 17481 | Orc:2    | Reached skill level 10 in Short Blades
 17530 | Orc:2    | Killed a two-headed ogre
 17689 | Orc:2    | Killed a two-headed ogre
 18539 | Orc:2    | Killed an ogre mage
 18540 | Orc:2    | Reached skill level 15 in Stealth
 18774 | Orc:2    | Found Lathaqit's General Store.
 18779 | Orc:2    | Bought a scroll of identify for 26 gold pieces
 18909 | Orc:2    | Noticed an orc high priest
 18938 | Orc:2    | Killed an orc high priest
 19061 | Orc:2    | Found Mieju's Magic Scroll Emporium.
 19066 | Orc:2    | Bought a scroll of identify for 34 gold pieces
 19066 | Orc:2    | Bought a scroll of identify for 34 gold pieces
 19066 | Orc:2    | Bought a scroll of identify for 34 gold pieces
 19066 | Orc:2    | Bought a scroll of identify for 34 gold pieces
 19066 | Orc:2    | Bought a scroll of identify for 34 gold pieces
 19591 | Lair:1   | Entered Level 1 of the Lair of Beasts
 19594 | Lair:1   | Reached ***** piety under Sif Muna
 19594 | Lair:1   | Received a gift from Sif Muna
 19665 | Lair:1   | Got Sif Muna's Octavo of Xenomorphic Astrapomancy {god
                  | gift}
 19695 | Lair:1   | Noticed a boulder beetle
 19702 | Lair:1   | Killed a boulder beetle
 20066 | Lair:1   | Slain by a komodo dragon

Illustrated notes

Levels and vault maps discovered:
D:1:      sevenhm_arrival_forest_fort_large_2, layout_basic
D:2:      layout_rooms, kennysheep_jessica_study, uniq_terence
D:3:      layout_basic, basic_ecumenical_altar
D:4:      nicolae_BIG_FREAKIN_CUBE, layout_basic, minmay_temple_entry_trees,
          kennysheep_nondescript
D:5:      minmay_spotlight, layout_basic, mainiacjoe_overflow_surrounded_room,
          serial_shops, shop
D:6:      layout_cave_pods, minmay_misc_feat_x, grunt_ministairs_3
D:7:      layout_basic, enter_bailey_8
D:8:      layout_gridville, minitemple, mainiacjoe_overflow_brackets,
          nicolae_shop_i_like_small_books_too, grunt_potential
D:9:      layout_stronghold, mainiacjoe_overflow_small_starburst,
          serial_park_tiny_2
D:10:     layout_basic, minmay_lair_entry_grove, david_orc_3, uniq_maggie,
          uniq_joseph, uniq_grum, uniq_amaemon
Lair:1:   layout_small_grid, grunt_forest_large_clearing_hut
Orc:1:    layout_caves
Orc:2:    grunt_orc_community_town_hall, layout_caves,
          grunt_orc_community_big_house_2, grunt_orc_community_big_house_2,
          grunt_orc_community_house_1, grunt_orc_community_house_2,
          grunt_orc_community_house_1, grunt_orc_community_house_2, uniq_erolcha

Skill      XL: |  1  2  3  4  5  6  7  8  9 10 11 12 |
---------------+-------------------------------------+-----
Dodging        | 3 4 5 6 7 8 10 11 12 | 12.8
Spellcasting   | 3 4 5 6 8 9 10 11 | 11.9
Stealth        | 5 6 7 8 9 11 12 14 15 | 15.5
Hexes          | 4 5 6 7 8 9 11 12 | 12.1
Short Blades   | 2 3 4 5 7 8 9 10 | 10.7

Action                     |  1- 3 |  4- 6 |  7- 9 | 10-12 || total
---------------------------+-------+-------+-------+-------++-------
  Melee: Dagger            |   175 |   177 |   282 |   506 ||  1140
         Punch             |     1 |     3 |     6 |    14 ||    24
   Cast: Ensorcelled Hiber |    12 |    26 |    58 |   257 ||   353
         Tukima's Dance    |       |     8 |    39 |    76 ||   123
    Use: Scroll            |     6 |     7 |     1 |     9 ||    23
         Potion            |       |     1 |       |     1 ||     2
   Stab: Sleeping          |     8 |    25 |    43 |   152 ||   228
         Invisible         |       |     1 |       |       ||     1
         Distracted        |       |       |       |     3 ||     3
 Armour: Robe              |    36 |    12 |    23 |    47 ||   118
  Dodge: Dodged            |   125 |    81 |   146 |   277 ||   629
